 Dungeon Crawl Stone Soup version 0.30.0-15-g856e2d3f33 (webtiles) character file.

Game seed: 17776378636588485574

460 Persephone the Skirmisher (level 6, 0/50 HPs)
             Began as a Minotaur Hunter on May 19, 2023.
             Was an Initiate of Ashenzari.
             Slain by an ice beast (11 damage)
             ... on level 5 of the Dungeon.
             The game lasted 00:07:48 (3918 turns).

Persephone the Skirmisher (Minotaur Hunter)         Turns: 3918, Time: 00:07:49

Health: 0/50       AC:  5    Str: 15    XL:     6   Next: 78%
Magic:  5/5        EV: 13    Int:  6    God:    Ashenzari [......]
Gold:   213        SH:  5    Dex: 25    Spells: 5/5 levels left

rFire   . . .        a - +1 shortbow
rCold   . . .        (shield currently unavailable)
rNeg    . . .        c - +1 leather armour
rPois   .            (helmet restricted)
rElec   +            j - +0 cloak of Ashenzari's Seeker {Elem, Fort} (curse)
rCorr   +            (no gloves)
SInv    .            (no boots)
Will    .....        l - amulet of reflection
Stlth   +++          i - ring of the Monkey {Contam rElec rCorr Dex+9 Stlth+}
HPRegen 0.28/turn    o - +4 ring of slaying
MPRegen 0.09/turn

%: reflection
@: no status effects
A: horns 2, retaliatory headbutt
a: Renounce Religion, Curse Item, Shatter the Chains


You were on level 5 of the Dungeon.
You worshipped Ashenzari.
Ashenzari was noncommittal.
You visited 1 branch of the dungeon, and saw 5 of its levels.

You collected 213 gold pieces.

Inventory:

Hand Weapons
 a - a +1 shortbow (weapon)
Armour
 c - a +1 leather armour (worn)
 j - the cursed +0 cloak of Ashenzari's Seeker (worn) {Elem, Fort}
   (You found it on level 4 of the Dungeon)

   It has a curse which improves the following skills: Elements: Fire Magic, Ice
   Magic, Air Magic and Earth Magic.
   Fortitude: Armour and Shields.
Jewellery
 g - a +5 ring of evasion
 i - the ring of the Monkey (left hand) {Contam rElec rCorr Dex+9 Stlth+}
   (You acquired it on level 5 of the Dungeon)

   [ring of resist corrosion]

   Dex:       It affects your dexterity (+9).
   rElec:     It insulates you from electricity.
   Contam:    It causes magical contamination when unequipped.
   rCorr:     It protects you from acid and corrosion.
   Stlth:     It makes you more stealthy.
 l - an amulet of reflection (around neck)
 o - a +4 ring of slaying (right hand)
Scrolls
 b - 2 scrolls of immolation
 d - 2 scrolls of teleportation
 f - 2 scrolls of noise
 n - a scroll of blinking
 t - a scroll of enchant armour
Potions
 e - 3 potions of attraction
 h - 2 potions of ambrosia {unknown}
 k - a potion of resistance {unknown}
 p - 3 potions of curing {unknown}
 r - 2 potions of magic {unknown}
 s - 2 potions of brilliance {unknown}


   Skills:
 - Level 2.4 Fighting
 + Level 9.0 Ranged Weapons
 - Level 2.1 Dodging
 - Level 0.7 Stealth


You had 5 spell levels left.
You didn't know any spells.
Your spell library contained the following spells:

 Spells                   Type           Power      Damage    Failure   Level
 Foxfire                  Conj/Fire      0%         2x1d4     52%         1
 Fireball                 Conj/Fire      0%         3d3       100%        5
 Plasma Beam              Fire/Air       0%         2x1d11    100%        6
 Starburst                Conj/Fire      0%         6d3       100%        6


Dungeon Overview and Level Annotations

Branches:
Dungeon (5/15)             Temple (0/1) D:5

Altars:
Ashenzari
Qazlal
Vehumet
The Shining One

Shops:
D:2 :[=

Annotations:
D:5 Edmund


Innate Abilities, Weirdness & Mutations

You have a pair of horns on your head.
You reflexively headbutt those who attack you in melee.


Message History

Press: ? - help, Shift-Dir - straight line, f/p - ice beast
Aim: an ice beast (moderately wounded, 73% to hit)
You shoot an arrow. The arrow hits the ice beast.
The ice beast is moderately wounded.
Fire: a) +1 shortbow
Press: ? - help, Shift-Dir - straight line, f/p - ice beast
Aim: an ice beast (moderately wounded, 73% to hit)
You shoot an arrow. The arrow hits the ice beast.
The ice beast is heavily wounded.
Fire: a) +1 shortbow
Press: ? - help, Shift-Dir - straight line, f/p - ice beast
Aim: an ice beast (heavily wounded, 73% to hit)
You shoot an arrow. The arrow hits the ice beast!
The ice beast is severely wounded.
The ice beast closely misses you.
Fire: a) +1 shortbow
Press: ? - help, Shift-Dir - straight line, f/p - ice beast
Aim: an ice beast (severely wounded, 73% to hit)
You shoot an arrow. The arrow barely misses the ice beast.
You block the ice beast's attack.
Fire: a) +1 shortbow
Press: ? - help, Shift-Dir - straight line, f/p - ice beast
Aim: an ice beast (severely wounded, 73% to hit)
You shoot an arrow. The arrow barely misses the ice beast.
The ice beast closely misses you.
Fire: a) +1 shortbow
Press: ? - help, Shift-Dir - straight line, f/p - ice beast
Aim: an ice beast (severely wounded, 73% to hit)
You shoot an arrow. The arrow hits the ice beast!
The ice beast is almost dead.
You block the ice beast's attack.
Fire: a) +1 shortbow
Press: ? - help, Shift-Dir - straight line, f/p - ice beast
Aim: an ice beast (almost dead, 73% to hit)
You shoot an arrow. The arrow closely misses the ice beast.
The ice beast hits you but does no damage.
The ice beast hits you.
* * * LOW HITPOINT WARNING * * *
The ice beast freezes you!
You die...

,* #.# *,* *,* ,*
#.# ###.###.### ,*
#.# #.........# ,*
#.# #.........# ,*
#.#*#.........# ,*
#.#*..........# **
#.#,..........#
#.#*......Y...#
#.#,.......@..#
*****#..,..........#
,,,,,*,,,......).!.#
****,**,,...########
,,,,,,,,,..**
****,****#** *,* ***
****,* **,** ,,,*,**
**,*,**


You could see an ice beast.

Vanquished Creatures
  A black bear (D:4)
  An ogre (D:4)
  A howler monkey (D:5)
  An orc priest (D:5)
  A sleepcap (D:4)
  An iguana (D:4)
  5 adders
  4 worms
  5 dart slugs
  12 orcs
  6 ball pythons
  7 bats
  6 endoplasms
  3 giant cockroaches
  7 goblins
  4 hobgoblins
  9 jackals
  A quokka (D:4)
  3 frilled lizards
  7 kobolds
  4 rats
89 creatures vanquished.

Notes
Turn   | Place    | Note
-------+----------+-------------------------------------------
     0 | D:1      | Persephone the Minotaur Hunter began the quest for the Orb.
     0 | D:1      | Reached XP level 1. HP: 18/18 MP: 0/0
    53 | D:1      | Reached XP level 2. HP: 11/25 MP: 1/1
    59 | D:1      | Reached skill level 5 in Ranged Weapons
   555 | D:1      | Reached XP level 3. HP: 26/30 MP: 2/2
   771 | D:1      | Found a faded altar of an unknown god.
  1142 | D:2      | Found Jaimaeze's Book Emporium.
  1188 | D:2      | Reached skill level 6 in Ranged Weapons
  1237 | D:2      | You fall into a shaft and drop 2 floors!
  1238 | D:4      | Found a glowing golden altar of the Shining One.
  1266 | D:4      | Reached XP level 4. HP: 37/37 MP: 3/3
  1327 | D:4      | Found a broken altar of Ashenzari.
  1459 | D:4      | Became a worshipper of Ashenzari the Shackled
  1786 | D:4      | Noticed an ogre
  1790 | D:4      | Reached skill level 7 in Ranged Weapons
  1798 | D:4      | Killed an ogre
  1799 | D:4      | Reached XP level 5. HP: 42/42 MP: 4/4
  1996 | D:4      | Noticed a black bear
  2004 | D:4      | Killed a black bear
  2005 | D:4      | Reached skill level 8 in Ranged Weapons
  2005 | D:4      | Reached XP level 6. HP: 49/50 MP: 5/5
  2165 | D:3      | Found a stormy altar of Qazlal.
  2320 | D:3      | Found a radiant altar of Vehumet.
  2657 | D:3      | Identified the +4 trident of Exchange {flame, rElec}
  3187 | D:2      | Found Yplay's Jewellery Shop.
  3654 | D:2      | Found Afaakhub's Antique Armour Shop.
  3858 | D:5      | Entered Level 5 of the Dungeon
  3866 | D:5      | Identified a scroll of acquirement
  3866 | D:5      | Acquired the ring of the Monkey {Contam rElec rCorr Dex+9
                  | Stlth+}
  3888 | D:5      | Noticed Edmund
  3897 | D:5      | Reached skill level 9 in Ranged Weapons
  3910 | D:5      | Noticed an ice beast
  3918 | D:5      | Slain by an ice beast

Illustrated notes

Levels and vault maps discovered:
D:1:      pf_arrival_petrified_forest, layout_loops_corners,
          dreamdust_ecumenical_altar_angels_and_demons,
          nicolae_concentric_dashed_squares_mild
D:2:      layout_basic, serial_shops, nicolae_shop_hallway_stairs, shop, shop
D:3:      layout_basic, nicolae_vehumet_radiance,
          nicolae_qazlal_scattered_showers, guppyfry_early_lair_pool
D:4:      kb_forest_paths, layout_cave_pods, nicolae_tso_swordbearing_angel,
          evilmike_ruin_ashenzari
D:5:      layout_loops_ring, lemuel_doored_altar,
          minmay_temple_entry_large_hall, uniq_grinder, uniq_edmund

Skill      XL: |  1  2  3  4  5  6 |
---------------+-------------------+-----
Ranged Weapons | 5 6 7 8 9 |  9.0
Fighting       | |  2.4
Dodging        | |  2.1
Stealth        | |  0.7

Action                     |  1- 3 |  4- 6 || total
---------------------------+-------+-------++-------
   Fire: Shortbow          |    95 |   160 ||   255
 Invoke: Curse Item        |       |     1 ||     1
    Use: Scroll            |       |    11 ||    11
 Armour: Leather armour    |    16 |     5 ||    21
  Dodge: Dodged            |    38 |    39 ||    77
  Block: Other             |       |     4 ||     4
